Cogmind - Beta 16 @@@ ROGUE MODE // 2025.11.06 @ 20:58:45 Player: Velocity Result: Self-destructed Performance ------------- Evolutions (1) 500 Regions Visited (3) 600 Robots Destroyed (39) 195 Value Destroyed (756) 756 Prototype IDs (6) 120 Alien Tech Used (0) 0 Bonus (0) 0 TOTAL SCORE: 2171 Bonus ------- None Cogmind --------- Core Integrity 332/400 Matter 290/300 Energy 265/265 System Corruption 0% Temperature Cool (0) Movement Treading (160) Location -9/Mines Parts ------- > --- POWER (1) -------- Improved Ion Engine > --- PROPULSION (3) --- Light Treads Light Treads Light Treads > --- UTILITY (3) ------ Large Storage Unit Seismic Detector Transport Network Coupler > --- WEAPON (2) ------- Improved EM Shotgun Improved EM Shotgun > --- INVENTORY (15) --- Light Ion Engine Light Nuclear Core Flight Unit Flight Unit Flight Unit Flight Unit Flight Unit Flight Unit Cooling System Small Storage Unit Seismic Detector Medium Armor Plating Improved EM Shotgun Improved EM Shotgun Rocket Launcher Peak State ------------ > --- POWER ------------ Ion Engine > --- PROPULSION ------- Light Treads Light Treads Light Treads > --- UTILITY ---------- Cooling System Large Storage Unit Seismic Detector > --- WEAPON ----------- Improved EM Shotgun Improved EM Shotgun > --- INVENTORY -------- Light Ion Engine Light Nuclear Core Flight Unit Flight Unit Flight Unit Flight Unit Flight Unit Flight Unit Cooling System Small Storage Unit Seismic Detector Medium Armor Plating Improved EM Shotgun Improved EM Shotgun Rocket Launcher [Rating: 16] Favorites ----------- Power Ion Engine Engine Ion Engine Propulsion Light Treads Treads Light Treads Leg Aluminum Leg Wheel Wheel Utility Large Storage Unit Device Seismic Detector Storage Large Storage Unit Processor Transport Network Coupler Protection Medium Armor Plating Weapon Assault Rifle Energy Gun Medium Laser Ballistic Gun Assault Rifle Build | -11 -10 -9 -9 ------- Run | Yrd Mat Mat Min Slots Evolved 2 | . . 2 . Power . | . . . . Propulsion 1 | . . 1 . Utility 1 | . . 1 . Weapon . | . . . . Parts Attached 33 | 8 15 10 . Power 7 | 1 3 3 . Engine 7 | 1 3 3 . Core . | . . . . Reactor . | . . . . Propulsion 8 | 3 2 3 . Treads 5 | 2 . 3 . Leg 1 | 1 . . . Wheel 2 | . 2 . . Hover . | . . . . Flight . | . . . . Utility 10 | 2 6 2 . Device 6 | 1 4 1 . Storage 2 | 1 1 . . Processor 1 | . . 1 . Hackware . | . . . . Protection 1 | . 1 . . Artifact . | . . . . Weapon 8 | 2 4 2 . Energy Gun 5 | . 3 2 . Energy Cannon . | . . . . Ballistic Gun 3 | 2 1 . . Ballistic Cannon . | . . . . Launcher . | . . . . Special Weapon . | . . . . Impact Weapon . | . . . . Slashing Weapon . | . . . . Piercing Weapon . | . . . . Special Melee Weapon . | . . . . Unidentified Prototypes 1 | . . 1 . Parts Lost 5 | . 4 1 . Power 2 | . 1 1 . Propulsion 2 | . 2 . . Utility 1 | . 1 . . Weapon . | . . . . Highest Loss Streak 3 | . 3 1 . To Critical Strikes . | . . . . Average Backups 11 | 2 11 14 . Power 3 | 1 3 2 . Propulsion 2 | 1 1 4 . Utility 3 | . 3 4 . Weapon 2 | . 2 2 . Tool/Special . | . . . . Unused Backups 14 | . 1 . 13 Power 2 | . . . 2 Propulsion 6 | . . . 6 Utility 2 | . . . 2 Weapon 4 | . 1 . 3 Tool/Special . | . . . . Average Slot Usage (%) 86 | . 86 86 . Engine 12 | . 13 10 . Treads 15 | . 13 25 . Wheel 2 | . 2 1 . Device 12 | . 13 11 . Storage 13 | . 14 11 . Processor 1 | . . 5 . Energy Gun 14 | . 12 21 . Ballistic Gun 12 | . 15 . . Peak Build Rating 16 | 7 9 16 . Average Rating 8 | 5 7 13 . On Entrance 7 | . 7 8 16 Avg Prop Armor Cover (%) . | . . . . Naked Turns . | . . . . Heaviest Build 34 | 14 31 34 . Greatest Support 60 | 40 40 60 . Greatest Overweight (x) 10 | 1 10 1 . Average Overweight (x) 1 | . 2 . . Largest Inventory Capacity 15 | 8 15 15 . Average Capacity 13 | 7 13 15 . Most Carried 15 | 5 14 15 . Average Carried 11 | 2 11 14 . Final Capacity 15 | 8 15 15 15 Final Carried 15 | 5 13 15 15 Class Distribution -------------------- 90% | Mutant 9% | Scavenger-Mutant Dominant Class ---------------- Mutant | -10/Materials Mutant | -9/Materials Mutant | -9/Mines Resources | -11 -10 -9 -9 ----------- Run | Yrd Mat Mat Min Matter Collected 777 | 235 455 87 . Remotely . | . . . . Salvage Created 1326 | 38 666 622 . Parts 86 | 5 39 42 . Haulers Intercepted 6 | . 2 4 . Recyclers Shooed . | . . . . Parts Field Recycled . | . . . . Retrieved Matter . | . . . . Parts Self-Destructed . | . . . . Prevented . | . . . . Parts Restored . | . . . . Kills | -11 -10 -9 -9 ------- Run | Yrd Mat Mat Min Combat Hostiles Destroyed 29 | . 17 12 . Guns 25 | . 16 9 . AOE 3 | . . 3 . Classes Destroyed 7 | 1 4 2 . Tunneler 2 | 2 . . . Hauler 6 | . 2 4 . Recycler 1 | . . 1 . Operator 1 | . 1 . . Swarmer 14 | . 6 8 . Grunt 13 | . 11 2 . Sentry 2 | . . 2 . Best Kill Streak 5 | 1 4 5 . Combat Bots Only 4 | . 3 4 . Max Kills in Single Turn 2 | 1 1 2 . Gunslinging . | . . . . Exploded 2 | . . 2 . Melee . | . . . . Uniques/NPCs Destroyed . | . . . . Combat | -11 -10 -9 -9 -------- Run | Yrd Mat Mat Min Hostile Shots Fired 175 | . 133 42 . Missed 44 | . 29 15 . Hits 131 | . 104 27 . Projectile 131 | . 104 27 . Critical Strikes 4 | . 3 1 . Damage Taken 1404 | . 1111 293 . Core 303 | . 235 68 . Absorbed by Shields . | . . . . Core Remaining (%) 53 | 100 6 . . Volleys Fired 119 | 7 77 35 . Largest 2 | 2 2 2 . Hottest 95 | 40 70 95 . Shots Fired 229 | 14 151 64 . Gun 229 | 14 151 64 . Cannon . | . . . . Launcher . | . . . . Special . | . . . . Kinetic 109 | 14 92 3 . Thermal 75 | . 59 16 . Explosive . | . . . . Electromagnetic 45 | . . 45 . Robot Hit Streak 9 | 5 9 9 . Robot Miss Streak 6 | 2 6 4 . Penetration Max . | . . . . Secondary Targets 2 | . 2 . . Max Gunslinging Chain 1 | . 1 . . Shots Hit Robots 154 | 9 100 45 . Core Hits 64 | 2 36 26 . Critical Kills . | . . . . Critical Parts Destroyed 1 | . 1 . . Critical Strikes 4 | . 3 1 . Burn 3 | . 2 1 . Destroy 1 | . 1 . . Melee Attacks . | . . . . Impact . | . . . . Slashing . | . . . . Piercing . | . . . . Sneak Attacks . | . . . . Combat Hostiles . | . . . . Follow-up Attacks . | . . . . Damage Inflicted 2136 | 91 1226 819 . Guns 1975 | 91 1205 679 . Cannons . | . . . . Explosions 110 | . . 110 . Melee . | . . . . Ramming 51 | . 21 30 . Kinetic 787 | 91 696 . . Thermal 757 | . 509 248 . Explosive . | . . . . Electromagnetic 541 | . . 541 . Impact . | . . . . Slashing . | . . . . Piercing . | . . . . Highest Corruption . | . . . . Average Corruption . | . . . . Corruption Purged . | . . . . Corruption Blocked . | . . . . Overload Shots . | . . . . Overflow Damage 13 | . . 13 . Projectiles . | . . . . Explosions 13 | . . 13 . Melee . | . . . . Knockbacks 1 | . 1 . . Impact 1 | . 1 . . Kinetic . | . . . . Secondary . | . . . . Self-Inflicted Damage 23 | . . 23 . Shots 1 | . . 1 . Rammed 7 | . 3 4 . Targets Rammed 8 | . 4 4 . Kicked . | . . . . Crushed 1 | . 1 . . Highest Temperature 300 | . 300 141 . Average Temperature 56 | . 71 33 . Received Heat Transfer 528 | . 474 54 . Effects 3 | . 3 . . Energy Bleed 1 | . 1 . . Interference 2 | . 2 . . Siege Activations . | . . . . Martial Activations . | . . . . Shielding Activations . | . . . . Robots Disrupted . | . . . . Combat Hostiles . | . . . . Robots Corrupted . | . . . . Combat Hostiles . | . . . . Parts Fried 1 | . . 1 . Impact Corruptions . | . . . . Robots Melted 1 | . 1 . . Combat Hostiles 1 | . 1 . . Parts Melted 2 | . 2 . . Heat Transferred 2067 | . 1486 581 . Parts Sabotaged . | . . . . Parts Stolen . | . . . . Parts Stripped . | . . . . Power Chain Reactions 2 | . . 2 . Alert | -11 -10 -9 -9 ------- Run | Yrd Mat Mat Min Maximum Alert Level . | . . . . Low Security (%) 100 | 100 100 100 . Level 1 . | . . . . Level 2 . | . . . . Level 3 . | . . . . Level 4 . | . . . . Level 5 . | . . . . High Security . | . . . . Max Security . | . . . . Peak Influence 141 | 5 98 141 . Initial 45 | . . 37 45 Average 33 | . 19 85 . Influence Increases 818 | 10 465 343 . Destroy 0b10 Robot/C 580 | . 340 240 . Destroy 0b10 Robot/NC 50 | 10 15 25 . Destroy Leader 132 | . 74 58 . Successful Hack 37 | . 21 16 . Disable Machine 15 | . 15 . . Destroy Structure 4 | . . 4 . Influence Decreases 773 | 10 377 315 71 Entered New Map 122 | . . 51 71 Time Decay 564 | 10 300 254 . Lost Part 20 | . 10 10 . Purge Threat 67 | . 67 . . Squads Dispatched 7 | . 4 3 . Investigation 2 | . 1 1 . Extermination . | . . . . Reinforcement 5 | . 3 2 . Assault . | . . . . Garrison . | . . . . Intercept . | . . . . Searches Triggered . | . . . . Construction Impeded . | . . . . Haulers Reinforced . | . . . . Active Scanning Responses . | . . . . Cargo Convoy Interrupts . | . . . . Stealth | -11 -10 -9 -9 --------- Run | Yrd Mat Mat Min Distress Signals 4 | . 3 1 . Communications Jammed . | . . . . Distress Signals . | . . . . Times Spotted 53 | . 30 23 . Peak Tracking Total 5 | . 4 5 . Tactical Retreats . | . . . . Traps | -11 -10 -9 -9 ------- Run | Yrd Mat Mat Min Traps Triggered 1 | . 1 . . Indirectly . | . . . . Trap Hack Attempts . | . . . . Triggered . | . . . . Disarmed . | . . . . Reprogrammed . | . . . . Reused . | . . . . Traps Extracted . | . . . . Installed . | . . . . Triggered . | . . . . Machines | -11 -10 -9 -9 ---------- Run | Yrd Mat Mat Min Machines Disabled 1 | . 1 . . Max in Single Turn 1 | . 1 . . Machines Repaired . | . . . . Machines Dismantled . | . . . . Machines Sabotaged . | . . . . Overloaded Fab Kills . | . . . . Hacking | -11 -10 -9 -9 --------- Run | Yrd Mat Mat Min Machines Accessed 9 | . 5 4 . Terminals 8 | . 4 4 . Fabricators . | . . . . Repair Stations 1 | . 1 . . Recycling Units . | . . . . Scanalyzers . | . . . . Garrison Access . | . . . . Total Hacks 18 | . 10 8 . Successful 11 | . 7 4 . Failed 7 | . 3 4 . Catastrophic 2 | . 1 1 . Database Lockouts . | . . . . Manual . | . . . . Terminals 16 | . 8 8 . Fabricators . | . . . . Repair Stations 2 | . 2 . . Recycling Units . | . . . . Scanalyzers . | . . . . Garrison Access . | . . . . Terminal Hacks 10 | . 6 4 . Robot Analysis 3 | . 2 1 . Prototype ID Bank 2 | . . 2 . Branch Access Points 1 | . . 1 . Alert Level 1 | . 1 . . Unreport Threat 1 | . 1 . . Transport Status 1 | . 1 . . Zone Layout 1 | . 1 . . Fabricator Hacks . | . . . . Repair Station Hacks 1 | . 1 . . Scan Component 1 | . 1 . . Recycling Unit Hacks . | . . . . Scanalyzer . | . . . . Garrison Access Hacks . | . . . . Unauthorized Hacks . | . . . . Terminals . | . . . . Fabricators . | . . . . Repair Stations . | . . . . Recycling Units . | . . . . Scanalyzers . | . . . . Garrison Access . | . . . . Data Cores Recovered . | . . . . Used . | . . . . Hacking Detections 7 | . 4 3 . Full Trace Events . | . . . . Feedback Events . | . . . . Feedback Blocked . | . . . . Robot Schematics Acquired . | . . . . Robots Built . | . . . . Authchips . | . . . . Time . | . . . . Total Robot Build Rating . | . . . . Part Schematics Acquired . | . . . . Parts Built . | . . . . Authchips . | . . . . Time . | . . . . Total Part Build Rating . | . . . . Part Studies Acquired . | . . . . Parts Repaired . | . . . . Time . | . . . . Parts Recycled . | . . . . Recycled Matter . | . . . . Retrieved Matter . | . . . . Retrieved Components . | . . . . Parts Scanalyzed . | . . . . Part Schematics Acquired . | . . . . Parts Damaged . | . . . . Bothacking | -11 -10 -9 -9 ------------ Run | Yrd Mat Mat Min Used RIF Installer . | . . . . Robots Hacked . | . . . . Non-combat . | . . . . Combat . | . . . . Robot Hacks Applied . | . . . . Relay Couplers Released . | . . . . Fabnet Peak Effective % . | . . . . Robots Rewired . | . . . . Allies Hacked . | . . . . Hacks Repelled . | . . . . Allies | -11 -10 -9 -9 -------- Run | Yrd Mat Mat Min Total Allies . | . . . . Largest Group . | . . . . Highest-Rated Group . | . . . . Highest-Rated Ally . | . . . . Total Orders . | . . . . Ally Attacks . | . . . . Total Damage . | . . . . Kills . | . . . . Allies Corrupted . | . . . . Allies Melted . | . . . . Intel | -11 -10 -9 -9 ------- Run | Yrd Mat Mat Min Active Infowar (turns) 1700 | 16 1413 271 . Sensors 608 | . 608 . . Seismic 1092 | 16 805 271 . T.N.C. 265 | . . 265 . Robot Analysis Total 3 | . 2 1 . Derelict Logs Recovered . | . . . . Drone Launches . | . . . . Drone Recoveries . | . . . . Exploration | -11 -10 -9 -9 ------------- Run | Yrd Mat Mat Min Turns Passed 2477 | 143 1779 555 . Spaces Moved 955 | 70 620 265 . Core 151 | 5 146 . . Treads 647 | 62 340 245 . Legs 3 | 3 . . . Wheels 154 | . 134 20 . Hover . | . . . . Flight . | . . . . Fastest Speed 50 | 50 95 95 . Average Speed 203 | 152 228 156 . Slowest Speed 550 | 160 550 240 . Overloaded Moves . | . . . . Propulsion Burnouts . | . . . . Robots Hopped . | . . . . Potential Cave-ins . | . . . . Cave-ins Triggered . | . . . . Exploration Rate (%) 31 | 5 85 33 2 Regions Visited 3 Branch Regions 1 Pre-discovered Areas . | . . . . Known Exits Taken 1 | . . 1 . Unknown Exits Taken 2 | 1 1 . . Scrap Searched . | . . . . Spaces Dug . | . . . . Terrain Destroyed 4 | . . 4 . Melee . | . . . . Projectile . | . . . . AOE 4 | . . 4 . Terrain Rammed . | . . . . Walls Destroyed . | . . . . Machines Disabled . | . . . . Actions | -11 -10 -9 -9 --------- Run | Yrd Mat Mat Min Total 1256 | 90 828 338 . Wait 98 | . 91 7 . Move 952 | 69 619 264 . Hop . | . . . . Pick Up 21 | 5 9 7 . Fast Attach 27 | 8 11 8 . Attach 5 | . 3 2 . Detach 2 | . 2 . . Swap 4 | . 3 1 . Drop 20 | 1 9 10 . Fire 119 | 7 77 35 . Melee . | . . . . Ram . | . . . . Kick . | . . . . Crush 8 | . 4 4 . Escape Stasis . | . . . . Rewire . | . . . . Trap . | . . . . Miscellaneous . | . . . . Route ------- -11/Scrapyard -10/Materials (discovered 3 exits: *Mat x3) -9/Materials (discovered 3 exits: [*Mat] / *Min / Sto) -9/Mines History --------- Turn | Location | Event 19 | -11/Scrapyard | Discovered new exit (range 14) 144 | -11/Scrapyard | Entered Materials 301 | -10/Materials | Build established: Mutant 680 | -10/Materials | Discovered new exit (range 12) 969 | -10/Materials | Core integrity fell below 50% 1006 | -10/Materials | Lost 3 parts (2n1u) 1191 | -10/Materials | Discovered new exit (range 3) 1748 | -10/Materials | Core integrity fell below 20% 1787 | -10/Materials | Discovered new exit (range 5) 1923 | -10/Materials | Entered another Materials area 1923 | -9/Materials | Evolved 2 slots: Propulsion x1, Utility x1 2113 | -9/Materials | Identified exit to Mines 2113 | -9/Materials | Identified exit to Storage 2374 | -9/Materials | Discovered new exit (range 15) 2478 | -9/Materials | Entered Mines 2478 | -9/Mines | Self-destructed Last Messages --------------- 02345_ U-05 Engineer repairs door. 02350_ K-01 Serf collects debris. 02359_ R-06 Scavenger collects Corrupted Aluminum Leg. 02360_ K-01 Serf collects debris. 02363_ R-06 Scavenger collects Aluminum Leg. 02364_ K-01 Serf collects debris. 02366_ R-06 Scavenger collects Corrupted Sml. Laser. 02367_ K-01 Serf collects debris. 02374_ EXIT=FOUND 02376_ W-16 Scout sends out distress signal. 02412_ Heat Sink fried. 02412_ Y-45 Defender destroyed. 02430_ K-01 Serf collects debris. 02445_ A-02 Transporter destroyed. 02458_ Dropped Ion Engine. 02459_ Acquired Imp. Ion Engine. LOCATION=MINES GOAL=ESCAPE Map ----- +----------------------------------------------------+ | | | | | | | | | | | | | | | | | | | | | | | | | | | | | | | | | | | ??????????????????????????????????? | | ??????????????????????????????????? | | ??????????????????????????????????? | | ??????????????????????????????????? | | ??????????????????????????????????? | | ???????????????????##########?????? | | ???????????????????# s #?????? | | ???????????????????# s #?????? | | ???????????????????# s @ #?????? | | ???????????????????# s #?????? | | ???????????????????####### ##?????? | | ?????????????????????????? #??????? | | ?????????????????????????? #??????? | | ??????????????????????????##??????? | | ??????????????????????????????????? | | ??????????????????????????????????? | | ??????????????????????????????????? | | ??????????????????????????????????? | | ??????????????????????????????????? | | ??????????????????????????????????? | | ??????????????????????????????????? | | ??????????????????????????????????? | | ??????????????????????????????????? | | ??????????????????????????????????? | | ??????????????????????????????????? | | ??????????????????????????????????? | | ??????????????????????????????????? | | ??????????????????????????????????? | | ??????????????????????????????????? | | ??????????????????????????????????? | | ??????????????????????????????????? | | ??????????????????????????????????? | | ??????????????????????????????????? | +----------------------------------------------------+ Best States ------------- Heat Dissipation 50 Energy Generation 12 Energy Capacity 265 Matter Stores 300 Matter Capacity 300 Sight Range 16 Robot Scan Range 14 Terrain Scan Density 10 Evasion (%) 45 Recoil Reduction 3 Item Schematics ----------------- None Robot Schematics ------------------ None Fabricated ------------ Nothing Repaired ---------- Nothing Studied --------- None Alien Tech Used ----------------- None Achievements -------------- None Challenges ------------ None Game ------ Seed SpliceStasisChainsword Manual? 0 Play Time 00:16:53 Cumulative 24.1 hours Start 2025.11.06 @ 20:41:27 End 2025.11.06 @ 20:58:45 Sessions 1 Manual Loads 0 Difficulty Rogue Special Mode None Game No. 12 Rogue 6 Adventurer 5 Explorer 1 Win Type - Total 1 Types 1/0/0/0/0/0/0/0/0/0 Lore% 12 Gallery% 29 Achievement% 19 Wizard Run 0 Options --------- Layout 1 ASCII 0 Keyboard 0 Movement Mouse Keybinds 0 Fullscreen 1 Font 24/Crisp Map View 50x35 Zoom Use 0% Tactical HUD 1 Map Filters NONE Filters NONE Steam 1 RUN: 4bd24d88-4691-44aa-95c1-f9a7b458f59d